 Dungeon Crawl Stone Soup version 0.30.1 (webtiles) character file.

Game seed: 14589724672184376728

11074 LustLizard the Basher (level 11, -9/73 HPs)
             Began as a Gargoyle Fighter on July 11, 2023.
             Was a Priest of the Shining One.
             Killed from afar by a hell hound (16 damage)
             ... with a blast of flame
             ... led by Azrael
             ... on level 12 of the Dungeon.
             The game lasted 00:23:25 (12049 turns).

LustLizard the Basher (Gargoyle Fighter)           Turns: 12049, Time: 00:23:26

Health: -9/73      AC: 22    Str: 20    XL:     11   Next: 72%
Magic:  14/14      EV:  9    Int: 13    God:    the Shining One [***...]
Gold:   802        SH:  5    Dex:  9    Spells: 10/10 levels left

rFire   . . .        w - +0 mace (venom)
rCold   + . .        c - +0 buckler
rNeg    + + .        j - +2 scale mail {rC+}
rPois   ∞            (no helmet)
rElec   +            C - +2 cloak
rCorr   .            k - +0 pair of gloves
SInv    +            (no boots)
Will    .....        l - amulet of magic regeneration Stlth
                     r - ring of see invisible
HPRegen 0.32/turn    (no ring)
MPRegen 0.54/turn

%: no passive effects
@: glowing
A: sickness immunity, AC +8, negative energy resistance 1, electricity
resistance, torment resistance 1, petrification resistance
a: Renounce Religion, Divine Shield, Cleansing Flame


You were on level 12 of the Dungeon.
You worshipped the Shining One.
The Shining One was most pleased with you.
You visited 2 branches of the dungeon, and saw 13 of its levels.

You collected 802 gold pieces.

Inventory:

Hand Weapons
 w - a +0 mace of venom (weapon)
Armour
 c - a +0 buckler (worn)
 j - a +2 scale mail of cold resistance (worn)
 k - a +0 pair of gloves (worn)
 C - a +2 cloak (worn)
Jewellery
 l - an amulet of magic regeneration (around neck)
 r - a ring of see invisible (left hand)
Wands
 n - a wand of flame (6) (quivered)
 o - a wand of polymorph (4)
 A - a wand of digging (6)
 G - a wand of mindburst (5)
Scrolls
 b - 3 scrolls of fog {unknown}
 g - 4 scrolls of enchant armour {unknown}
 i - 2 scrolls of blinking {unknown}
 m - a scroll of summoning {unknown}
 q - 5 scrolls of amnesia {unknown}
 s - 2 scrolls of poison {unknown}
 t - 4 scrolls of enchant weapon
 v - 2 scrolls of teleportation
 x - a scroll of fear
 y - 2 scrolls of torment {unknown}
 z - 2 scrolls of magic mapping
 B - 2 scrolls of vulnerability {unknown}
 D - a scroll of immolation
Potions
 a - 2 potions of lignification
 d - 2 potions of might
 f - 5 potions of brilliance
 h - 2 potions of flight
 p - 13 potions of curing
 u - 3 potions of ambrosia
 E - a potion of cancellation
 F - a potion of resistance


   Skills:
 + Level 10.3 Fighting
 * Level 12.7 Maces & Flails
 + Level 8.1 Armour
 - Level 6.0 Shields
 + Level 5.1 Invocations
 + Level 2.2 Evocations


You had 10 spell levels left.
You didn't know any spells.
Your spell library contained the following spells:

 Spells                   Type           Power      Damage    Failure   Level
 Apportation              Tloc           0%         N/A       67%         1
 Beastly Appendage        Tmut           0%         N/A       67%         1
 Necrotise                Necr           0%         1d4       67%         1
 Sandblast                Erth           0%         2d4       67%         1
 Summon Small Mammal      Summ           0%         N/A       67%         1
 Blink                    Tloc           0%         N/A       80%         2
 Passwall                 Tmut/Erth      0%         N/A       80%         2
 Wereblood                Tmut           0%         N/A       80%         2
 Gell's Gravitas          Tloc           0%         N/A       95%         3
 Inner Flame              Hex/Fire       0%         N/A       95%         3
 Ozocubu's Armour         Ice            0%         N/A       95%         3
 Spider Form              Tmut/Pois      0%         N/A       95%         3
 Stone Arrow              Conj/Erth      0%         3d7       95%         3
 Teleport Other           Tloc           0%         N/A       95%         3
 Manifold Assault         Tloc           0%         N/A       100%        4
 Summon Lightning Spire   Summ/Air       0%         N/A       100%        4
 Metabolic Englaciation   Hex/Ice        0%         N/A       100%        5
 Yara's Violent Unravell  Hex/Tmut       0%         3d3       100%        5
 Dispersal                Tloc           0%         N/A       100%        6
 Simulacrum               Ice/Necr       0%         N/A       100%        6
 Enfeeble                 Hex            0%         N/A       100%        7
 Storm Form               Tmut/Air       0%         N/A       100%        7
 Maxwell's Capacitive Co  Air            0%         ∞         100%        8


Dungeon Overview and Level Annotations

Branches:
Dungeon (12/15)            Temple (1/1) D:4            Lair (0/5) D:10
    Orc: D:9-12

Altars:
Ashenzari
Cheibriados
Dithmenos
Elyvilon
Fedhas
Gozag
Hepliaklqana
Kikubaaqudgha
Makhleb
Nemelex Xobeh
Okawaru
Qazlal
Ru
Sif Muna
Trog
Uskayaw
Vehumet
Wu Jian
Xom
Yredelemnul
Zin
The Shining One
Jiyva

Annotations:
D:3 2 transporters, safid's ghost, amateur MfIE
D:9 3 runed translucent doors, Strat's ghost, novice KoBr
D:12 Azrael


Innate Abilities, Weirdness & Mutations

You are immune to sickness and miasma.
Your stone body is resilient. (AC +8)
You are immune to poison.
You resist negative energy. (rN+)
You are resistant to electric shocks. (rElec)
You are resistant to unholy torment.
You are immune to petrification.


Message History

The fire elemental closely misses you.
Activating: Cleansing Flame (43% risk of failure)
Press: ? - help, Dir - look around, f - activate You fail to use your ability.
The fire elemental hits you. The fire elemental burns you!
* * * LOW HITPOINT WARNING * * *
The fire elemental hits you.
Unknown command.
You hit the fire elemental but do no damage.
The fire elemental is moderately damaged.
The hell hound closely misses you. The fire elemental hits you.
The fire elemental burns you!
* * * LOW HITPOINT WARNING * * *
You hit the fire elemental but do no damage.
The fire elemental is moderately damaged.
The hell hound bites you.
* * * LOW HITPOINT WARNING * * *
The fire elemental hits you. The fire elemental burns you!
* * * LOW HITPOINT WARNING * * *
The hell hound closely misses you.
You closely miss the hell hound. The fire elemental hits you.
The fire elemental burns you!
* * * LOW HITPOINT WARNING * * *
The hell hound closely misses you.
Unknown command.
You closely miss the hell hound.
The hell hound bites you but does no damage.
You block the fire elemental's attack.
Unknown command.
You hit the hell hound but do no damage.
The hell hound is poisoned.
The hell hound bites you but does no damage.
You block the fire elemental's attack.
Unknown command.
You hit the hell hound.
The hell hound looks as sick as possible!
The hell hound is lightly wounded.
The hell hound breathes flames at you. The blast of flame hits you!
You die...

. #......<.# #..#
#........# #..#
+.)......# #..#
#☼.......# #..##
######○.......# #...#
.......○......#######...#
......R......h..........#
.......#########Eh......#
.......# #@....>..#
....○..# #........#
.....☼°# #........#
.....R.#########.########
####..........○..#
#........○....#
#.............#
#..######.....# #..#
#..####


You could see a fire elemental and a hell hound (extremely poisoned, catching
breath).

Vanquished Creatures
  A two-headed ogre (D:11)
  Pikel (D:4)
  A deep elf pyromancer (D:7)
  2 manticores
  2 gargoyles (D:11)
  A hornet (D:10)
  2 trolls
  Grinder (D:6)
  A slime creature (D:7)
  A shadow (D:7)
  A vampire (D:10)
  3 wraiths (D:11)
  A basilisk (D:11)
  8 yaks
  A wyvern (D:9)
  2 steam dragons (D:7)
  An acid dragon (D:7)
  Menkaure (D:4)
  3 water moccasins
  2 hell hounds (D:12)
  Duvessa (D:5)
  2 orc warriors
  2 ice beasts (D:7)
  A black bear (D:7)
  3 ogres
  2 sky beasts
  5 centaurs
  A phantom (D:4)
  2 kobold brigands
  4 bullfrogs
  2 gnoll sergeants
  2 scorpions
  6 wights
  Dowan (D:5)
  2 electric eels (D:7)
  8 howler monkeys
  6 hounds
  4 jellies
  7 orc priests
  Crazy Yiuf (D:5)
  Ijyb (D:5)
  A sleepcap (D:3)
  2 iguanas
  Terence (D:2)
  9 orc wizards
  Natasha (thrice) (D:2)
  Robin (D:3)
  11 gnolls
  8 adders
  2 shadow imps (D:7)
  2 white imps (D:7)
  3 ufetubi
  5 worms
  A dart slug (D:5)
  21 orcs
  6 ball pythons
  2 bats
  4 endoplasms
  5 giant cockroaches
  17 goblins
  3 hobgoblins
  3 jackals (D:2)
  3 quokkas
  A frilled lizard (D:3)
  15 kobolds
  3 rats (D:1)
231 creatures vanquished.

Notes
Turn   | Place    | Note
-------+----------+-------------------------------------------
     0 | D:1      | LustLizard the Gargoyle Fighter began the quest for the
                  | Orb.
     0 | D:1      | Reached XP level 1. HP: 14/14 MP: 1/1
   129 | D:1      | Reached XP level 2. HP: 13/19 MP: 2/2
   591 | D:1      | Reached XP level 3. HP: 18/23 MP: 3/3
   927 | D:2      | Noticed Terence
   977 | D:2      | Noticed Natasha
  1049 | D:2      | Reached skill level 3 in Maces & Flails
  1086 | D:2      | Killed Natasha
  1087 | D:2      | Reached XP level 4. HP: 29/29 MP: 4/4
  1272 | D:2      | Killed Terence
  1733 | D:2      | Reached XP level 5. HP: 33/33 MP: 5/5
  1773 | D:2      | Noticed Natasha
  1830 | D:2      | Killed Natasha
  2542 | D:2      | Noticed Natasha
  2546 | D:2      | Killed Natasha
  2547 | D:2      | Reached skill level 4 in Maces & Flails
  2613 | D:3      | Found a transporter.
  2644 | D:3      | Noticed Robin
  2666 | D:3      | Killed Robin
  2743 | D:3      | Found a transporter.
  2750 | D:3      | Noticed safid's ghost (amateur MfIE)
  2876 | D:3      | Reached XP level 6. HP: 39/39 MP: 6/6
  3414 | D:4      | Noticed Menkaure
  3419 | D:4      | Killed Menkaure
  3420 | D:4      | Reached skill level 5 in Fighting
  3420 | D:4      | Reached skill level 5 in Maces & Flails
  3420 | D:4      | Reached skill level 5 in Shields
  3507 | D:4      | Noticed Pikel
  3526 | D:4      | Killed Pikel
  3527 | D:4      | Reached skill level 6 in Maces & Flails
  3527 | D:4      | Reached XP level 7. HP: 26/45 MP: 7/7
  3527 | D:4      | Reached XP level 8. HP: 29/51 MP: 8/8
  3782 | D:4      | Found a staircase to the Ecumenical Temple.
  3816 | Temple   | Entered the Ecumenical Temple
  3846 | Temple   | Became a worshipper of the Shining One
  3914 | D:4      | Noticed a +0 short sword
  3914 | D:4      | Noticed a +0 short sword
  3919 | D:4      | Noticed a +0 falchion
  3919 | D:4      | Noticed a +0 spear
  3920 | D:4      | Noticed a +0 dagger
  3920 | D:4      | Noticed a +0 spear
  3920 | D:4      | Noticed a +0 falchion
  3921 | D:4      | Noticed a +0 dagger
  3943 | D:4      | Found a hide-covered altar of Uskayaw.
  3988 | D:4      | Found a bloodstained altar of Trog.
  4074 | D:5      | Entered Level 5 of the Dungeon
  4104 | D:5      | Reached skill level 7 in Maces & Flails
  4171 | D:5      | Noticed Duvessa
  4171 | D:5      | Noticed Dowan
  4184 | D:5      | Killed Duvessa
  4186 | D:5      | Killed Dowan
  4564 | D:5      | Reached skill level 8 in Maces & Flails
  4631 | D:5      | Found a runed translucent door.
  4632 | D:5      | Noticed Crazy Yiuf
  4687 | D:5      | Found an opulent altar of Gozag.
  4796 | D:5      | Noticed Ijyb
  4808 | D:5      | Killed Ijyb
  5225 | D:5      | Killed Crazy Yiuf
  5226 | D:5      | Reached XP level 9. HP: 50/57 MP: 9/9
  5305 | D:6      | Reached * piety under the Shining One
  5414 | D:6      | Found a broken altar of Ashenzari.
  5437 | D:6      | Found a white marble altar of Elyvilon.
  5455 | D:6      | Found a shimmering altar of Xom.
  5470 | D:6      | Reached skill level 1 in Invocations
  5479 | D:6      | You fall into a shaft and drop 1 floor!
  5533 | D:7      | Reached skill level 9 in Maces & Flails
  5643 | D:7      | Noticed a manticore
  5643 | D:7      | Noticed a deep elf pyromancer
  5646 | D:7      | Found a glowing silver altar of Zin.
  5732 | D:7      | Reached ** piety under the Shining One
  6024 | D:6      | Noticed Grinder
  6042 | D:6      | Killed Grinder
  6168 | D:6      | Reached skill level 5 in Armour
  6656 | D:7      | Reached skill level 10 in Maces & Flails
  6656 | D:7      | Reached XP level 10. HP: 55/64 MP: 12/12
  6735 | D:7      | Killed a manticore
  6906 | D:7      | Killed a deep elf pyromancer
  7327 | D:7      | Reached skill level 11 in Maces & Flails
  7615 | D:8      | Found a shimmering blue altar of Sif Muna.
  8104 | D:9      | Found a sparkling altar of Nemelex Xobeh.
  8524 | D:9      | Found a sacrificial altar of Ru.
  8776 | D:9      | Found a runed translucent gate.
  8780 | D:9      | Found a runed translucent gate.
  8780 | D:9      | Found a runed translucent gate.
  8782 | D:9      | Noticed Strat's ghost (novice KoBr)
  8822 | D:9      | Reached *** piety under the Shining One
  8832 | D:9      | Reached XP level 11. HP: 61/71 MP: 14/14
  8923 | D:9      | Found a blossoming altar of Fedhas.
  8932 | D:9      | Found a hazy altar of Hepliaklqana.
  9129 | D:9      | Found a basalt altar of Yredelemnul.
  9215 | D:9      | Found a viscous altar of Jiyva.
  9242 | D:10     | Entered Level 10 of the Dungeon
  9312 | D:10     | Found an iron altar of Okawaru.
  9828 | D:10     | Reached skill level 12 in Maces & Flails
 10294 | D:10     | Found an ancient bone altar of Kikubaaqudgha.
 10318 | D:10     | Found a staircase to the Lair.
 10682 | D:11     | Reached skill level 10 in Fighting
 10878 | D:11     | Reached skill level 1 in Evocations
 11492 | D:11     | Noticed a two-headed ogre
 11502 | D:11     | Killed a two-headed ogre
 11914 | D:12     | Noticed a manticore
 11927 | D:12     | Killed a manticore
 11928 | D:12     | Reached skill level 5 in Invocations
 11985 | D:12     | Noticed Azrael
 12039 | D:12     | HP: 1/73 [hell hound/blast of flame[Azrael] (4)]
 12049 | D:12     | Killed from afar by a hell hound

Illustrated notes

Levels and vault maps discovered:
D:1:      minmay_arrival_four_houses, layout_basic
D:2:      layout_loops_ring, uniq_natasha, uniq_terence
D:3:      layout_basic, gammafunk_ghost_stat_death, st_stairs_9, uniq_robin
D:4:      layout_rooms, mainiacjoe_overflow_alcove_2, nicolae_uskayaw_en_pointe,
          temple_doors_e, minivault_23, amethyst_killhole, minivault_23,
          kennysheep_generic_room_11, uniq_menkaure, uniq_pikel
D:5:      layout_loops_cross, mainiacjoe_overflow_brackets,
          uniq_crazy_yiuf_cottage, uniq_duvessa, uniq_ijyb
D:6:      layout_gridville, cheibrodos_ashenzari_chains,
          mainiacjoe_overflow_concentric_impassable,
          nicolae_elyvilon_peaceful_grove, uniq_grinder
D:7:      nzn_winding_woodlands_cross [nzn_winding_woodlands_5x15_garden,
          nzn_winding_woodlands_5x15_pool,
          nzn_winding_woodlands_5x15_river_crossing,
          nzn_winding_woodlands_5x15_pockets,
          nzn_winding_woodlands_15x15_killbox], layout_cave_pools,
          mainiacjoe_overflow_small_starburst
D:8:      layout_cave_pools, mainiacjoe_overflow_chevrons
D:9:      layout_loops_ring, nemelex_spade_bored_becter, amcnicky_altar_gilded,
          lemuel_coloured_pillars_altar, grunt_temple_overflow_open,
          gammafunk_ghost_ooze
D:10:     layout_basic, lemuel_doored_altar, kiku_gazebo_pond_becter,
          lair_entry_dummy, roderic_roman_lattice
D:11:     layout_stronghold
D:12:     layout_irregular_city, kennysheep_orc_monster_closet_entryway,
          uniq_azrael
Temple:   nicolae_temple_little_seven

Skill      XL: |  1  2  3  4  5  6  7  8  9 10 11 |
---------------+----------------------------------+-----
Maces & Flails | 3 4 6 8 10 11 12 | 12.7
Shields        | 4 5 6 |  6.0
Fighting       | 4 5 7 8 9 10 | 10.3
Invocations    | 3 4 5 |  5.1
Armour         | 5 7 8 |  8.1
Evocations     | 2 |  2.2

Action                     |  1- 3 |  4- 6 |  7- 9 | 10-12 || total
---------------------------+-------+-------+-------+-------++-------
  Melee: Flail             |    82 |   179 |     1 |       ||   262
         Unarmed           |       |     3 |       |       ||     3
         Mace              |       |       |   293 |   483 ||   776
 Invoke: Divine Shield     |       |       |     1 |       ||     1
         Cleansing Flame   |       |       |       |     2 ||     2
  Evoke: Wand              |       |       |       |     1 ||     1
    Use: Potion            |       |     1 |     2 |     3 ||     6
         Scroll            |       |       |     8 |     7 ||    15
 Armour: Scale mail        |    38 |    79 |   190 |   248 ||   555
  Dodge: Dodged            |    36 |    53 |   128 |   166 ||   383
  Block: Buckler           |    15 |    33 |    68 |   101 ||   217
